 Dungeon Crawl Stone Soup version 0.13-a0-1577-g2bae144 (webtiles) character file.

215 Kae the Chiller (level 4, -3/33 HPs)
             Began as a Draconian Ice Elementalist on June 11, 2013.
             Slain by an orc
             ... wielding a -1,+1 orcish short sword
              (4 damage)
             ... on Level 4 of the Dungeon.
             The game lasted 00:07:47 (3215 turns).

Kae the Chiller (Draconian Ice Elementalist)        Turns: 3215, Time: 00:07:47

HP  -3/33        AC  7     Str 10      XL: 4   Next: 50%
MP   3/8         EV 12     Int 17      God:
Gold 113         SH  0     Dex 11      Spells:  2 memorised,  4 levels left

Res.Fire  : . . .   See Invis. : .   (no weapon)
Res.Cold  : . . .   Warding    : .   (armour unavailable)
Life Prot.: . . .   Conserve   : .   (no shield)
Res.Poison: .       Res.Corr.  : .   (helmet restricted)
Res.Elec. : .       Clarity    : +   j - +0 cloak (curse)
Sust.Abil.: . .     Spirit.Shd : .   q - +0 pair of gloves
Res.Mut.  : .       Stasis     : .   (no boots)
Res.Rott. : .       Flight     : .   i - amulet of clarity {unknown}
Saprovore : . . .                    (no ring)
                                     (no ring)

@: slightly resistant to hostile enchantments, unstealthy
A: unfitting armour, AC +5
a: no special abilities


You were on level 4 of the Dungeon.
You were not hungry.

You visited 1 branch of the dungeon, and saw 4 of its levels.

You collected 93 gold pieces.

Inventory:

Armour
 g - a +0 cloak
 j - a cursed +0 cloak (worn)
 o - a +0 elven cloak
 q - a +0 pair of gloves (worn)
Comestibles
 c - 4 bread rations
 f - 3 meat rations
Scrolls
 e - a scroll of identify {unknown}
 k - a scroll of blinking
Jewellery
 i - an amulet of clarity (around neck) {unknown}
Potions
 a - 2 potions of curing {unknown}
 d - a potion of might {unknown}
 l - a potion of paralysis {unknown}
 m - a potion of agility {unknown}
 p - a potion of flight {unknown}
 r - a potion of degeneration {unknown}
 t - a potion of speed {unknown}
Books
 b - a book of Frost

   Spells                             Type                      Level
   *Freeze                            Ice                          1
   *Throw Frost                       Conjuration/Ice              2
   Ozocubu's Armour                   Charms/Ice                   3
   Throw Icicle                       Conjuration/Ice              4
   Summon Ice Beast                   Ice/Summoning                4
   Condensation Shield                Ice                          4


   Skills:
 - Level 1.8 Dodging
 - Level 1.7 Stealth
 + Level 2.0 Spellcasting
 * Level 2.5 Conjurations
 * Level 4.3 Ice Magic


You had 4 spell levels left.
You knew the following spells:

 Your Spells              Type           Power        Failure   Level  Hunger
a - Freeze                Ice            ###.         3%          1    #......
b - Throw Frost           Conj/Ice       ##....       10%         2    ##.....


Dungeon Overview and Level Annotations

Branches:
Dungeon (4/27)
 Temple: D:4-7

Altars:
Zin


Message History

The orc priest barely misses you.
Casting: Freeze
Confirm with . or Enter, or press ? or * to list all spells.
Aiming: Freeze
Press: ? - help, Shift-Dir - straight line, f/p - orc priest
Aim: an orc priest, wielding an orcish hammer and wearing an orcish ring mail (heavily wounded)
You freeze the orc priest.
The orc priest is almost dead.
The orc barely misses you. The orc hits you but does no damage.
The orc barely misses you. The orc hits you with an orcish hammer.
* * * LOW HITPOINT WARNING * * *
Casting: Freeze
Confirm with . or Enter, or press ? or * to list all spells.
Aiming: Freeze
Press: ? - help, Shift-Dir - straight line, f/p - orc priest
Aim: an orc priest, wielding an orcish hammer and wearing an orcish ring mail (almost dead)
You freeze the orc priest.
The orc priest is almost dead.
The orc hits you with an orcish short sword.
You die...

#####+###
#.o@o...#
+.ooo...#
#.......#
#..>..<.#
#.......#
#.......#
#########


You could see an orc priest and 4 orcs.

Vanquished Creatures
  A giant mite (D:2)
  4 adders
  2 worms
  3 ball pythons
  3 giant cockroaches (D:2)
  9 hobgoblins
  4 kobolds
  2 quokkas (D:3)
  11 bats
  A giant gecko (D:1)
  7 giant newts
  8 goblins
  4 rats
59 creatures vanquished.

Notes
Turn   | Place    | Note
--------------------------------------------------------------
     0 | D:1      | Kae, the Draconian Ice Elementalist, began the quest for the Orb.
     0 | D:1      | Reached XP level 1. HP: 14/14 MP: 3/3
   341 | D:1      | Reached XP level 2. HP: 18/20 MP: 1/4
   345 | D:1      | Learned a level 2 spell: Throw Frost
   931 | D:2      | Reached XP level 3. HP: 26/26 MP: 6/6
  1190 | D:2      | Reached skill level 4 in Ice Magic
  1202 | D:2      | Reached XP level 4. HP: 24/33 MP: 0/7
  1304 | D:2      | Found a glowing silver altar of Zin.
  1305 | D:2      | Noticed an angel
  1619 | D:3      | Reached XP level 3. HP: 26/26 MP: 6/6
  1732 | D:3      | Reached XP level 4. HP: 6/33 MP: 3/7
  3214 | D:4      | HP: 1/33 [orc/orcish hammer (6)]
  3215 | D:4      | Slain by an orc

Action                   |  1- 3 |  4- 6 || total
-------------------------+-------+-------++-------
Melee: Unarmed           |    64 |    20 ||    84
 Cast: Freeze            |    63 |    38 ||   101
  Use: Scroll            |       |     8 ||     8
